 Dungeon Crawl Stone Soup version 0.21.1-1-g345015f (webtiles) character file.

1974 hyperracer the Skirmisher (level 9, -2/81 HPs)
             Began as a Deep Dwarf Fire Elementalist on May 29, 2018.
             Was a Follower of Makhleb.
             Splashed by an oklob sapling's acid (12 damage)
             ... on level 6 of the Dungeon.
             The game lasted 00:18:48 (6673 turns).

hyperracer the Skirmisher (DDFE)                    Turns: 6673, Time: 00:18:48

Health: -2/81      AC:  9    Str: 16    XL:     9   Next: 0%
Magic:  11/11      EV:  8    Int: 15    God:    Makhleb [*.....]
Gold:   194        SH:  5    Dex: 13    Spells: 10/11 levels left

rFire    . . .     SeeInvis .   m - +5 dagger (vamp)
rCold    . . .     Gourm    .   i - +0 buckler
rNeg     . . .     Faith    .   j - +0 chain mail
rPois    .         Spirit   .   (no helmet)
rElec    .         Reflect  .   f - +0 cloak
rCorr    .         Harm     .   q - +2 pair of gloves
MR       +....                  (no boots)
Stlth    ..........             (no amulet)
HPRegen  0.00/turn              (no ring)
MPRegen  0.12/turn              (no ring)

@: corroded, non-regenerating
A: damage resistance, heal wounds, sense surroundings 2, no regeneration
a: Heal Wounds, Renounce Religion


You were on level 6 of the Dungeon.
You worshipped Makhleb.
Makhleb was aware of your devotion.
You were hungry.

You visited 1 branch of the dungeon, and saw 7 of its levels.

You collected 194 gold pieces.

Inventory:

Hand Weapons
 b - a +0 war axe
 m - a +5 vampiric dagger (weapon)
Missiles
 o - a throwing net (quivered)
Armour
 a - a +0 plate armour
 f - a +0 cloak (worn)
 i - a +0 buckler (worn)
 j - a +0 chain mail (worn)
 q - a +2 pair of gloves (worn)
Jewellery
 g - an uncursed ring of ice
Wands
 n - a wand of flame (9)
 t - a wand of iceblast (20)
 u - a wand of disintegration (16)
Scrolls
 k - a scroll of amnesia
 p - 2 scrolls of enchant weapon
 w - 2 scrolls of remove curse
 x - 2 scrolls of teleportation
 y - a scroll of identify
Potions
 d - a potion of ambrosia {!q}
 e - 3 potions of mutation {!q}
 h - 3 potions of might
 l - 6 potions of curing
 r - a potion of resistance
 s - a potion of lignification
 z - a potion of cancellation
Comestibles
 c - 9 rations


   Skills:
 + Level 5.5 Fighting
 - Level 3.0 Short Blades
 * Level 4.7 Axes
 + Level 3.1 Armour
 - Level 4.7 Dodging
 - Level 2.4 Stealth
 - Level 4.0 Shields
 - Level 1.7 Spellcasting
   Level 1.2 Conjurations
   Level 3.0 Fire Magic
 + Level 4.0 Invocations
 + Level 4.0 Evocations


You had 10 spell levels left.
You knew the following spells:

 Your Spells              Type           Power        Failure   Level  Hunger
z - Apportation           Tloc           #.....       98%         1    ##.....


Dungeon Overview and Level Annotations

Branches:
Dungeon (7/15)             Temple (0/1) D:6

Altars:
Gozag
Hepliaklqana
Makhleb
Nemelex Xobeh
Okawaru
Uskayaw
Vehumet
Wu Jian

Annotations:
D:4 Rekenzichi's ghost, amateur GrFi
D:6 exclusions: oklob sapling and 1 more exclusion
D:7 empire's ghost, novice MiFi


Innate Abilities, Weirdness & Mutations

You are resistant to damage.
You can heal yourself by infusing magical energy.
You passively map the area around you.
You do not regenerate.


Message History

The plant is severely damaged.
You hit the plant but do no damage.
The plant is severely damaged.
You hit the plant.
The plant is severely damaged.
You hit the plant but do no damage.
The plant is severely damaged.
You hit the plant but do no damage.
The plant is severely damaged.
You hit the plant but do no damage.
The plant is severely damaged.
You hit the plant.
The plant is severely damaged.
You hit the plant.
The plant is almost destroyed.
You hit the plant but do no damage.
The plant is almost destroyed.
You completely miss the plant.
The plant is almost destroyed.
You hit the plant but do no damage.
The plant is almost destroyed.
You hit the plant but do no damage.
The plant is almost destroyed.
You hit the plant.
The plant is almost destroyed.
You hit the plant but do no damage.
The plant is almost destroyed.
You hit the plant but do no damage.
The plant is almost destroyed.
You hit the plant but do no damage.
The plant is almost destroyed.
You hit the plant but do no damage.
The plant is almost destroyed.
You hit the plant.
The plant is almost destroyed.
You hit the plant but do no damage.
The plant is almost destroyed.
You hit the plant but do no damage.
The plant is almost destroyed.
You hit the plant but do no damage.
The plant is almost destroyed.
You hit the plant but do no damage.
The plant is almost destroyed.
You hit the plant but do no damage.
The plant is almost destroyed.
You completely miss the plant.
The plant is almost destroyed.
You hit the plant but do no damage.
The plant is almost destroyed.
You hit the plant.
You destroy the plant!
The oklob sapling spits acid at you. The splash of acid hits you!
The acid corrodes you!
You are splashed with acid!
The acid burns!
You take 8 damage, and have 51/81 hp.
An oklob sapling is nearby!
You start waiting.
You are no longer corroded.
Really walk into a travel-excluded area?
You are feeling hungry.
You hit the plant but do no damage.
Found a short sword.
There is a staircase to the Ecumenical Temple here.
You hit the oklob sapling.
The oklob sapling is lightly damaged.
You hit the oklob sapling but do no damage.
The oklob sapling is lightly damaged.
You hit the oklob sapling but do no damage.
The oklob sapling is lightly damaged.
The oklob sapling spits acid at you. The splash of acid hits you!
The acid corrodes you!
You are splashed with acid!
The acid burns!
* * * LOW HITPOINT WARNING * * *
You take 19 damage, and have 32/81 hp.
MASSIVE DAMAGE!!
You hit the oklob sapling but do no damage.
The oklob sapling is lightly damaged.
Unknown command.
You hit the oklob sapling.
The oklob sapling is moderately damaged.
You hit the oklob sapling but do no damage.
The oklob sapling is moderately damaged.
You hit the oklob sapling.
The oklob sapling is moderately damaged.
You hit the oklob sapling but do no damage.
The oklob sapling is moderately damaged.
You hit the oklob sapling but do no damage.
The oklob sapling is moderately damaged.
You hit the oklob sapling but do no damage.
The oklob sapling is moderately damaged.
The oklob sapling spits acid at you. The splash of acid hits you!
You are splashed with acid!
The acid burns!
* * * LOW HITPOINT WARNING * * *
You take 12 damage, and have 20/81 hp.
The oklob sapling spits acid at you. The splash of acid hits you!
* * * LOW HITPOINT WARNING * * *
You are splashed with acid!
The acid burns!
You die...

♣♣ ..###..* .## #..# ♣
#####......)##..# #..#
♣ #...............##
#.## #
#..##.....##.....##
##..# #
#...##...$.PP..P..#
#.... #
#...##....P.PPP...#
##.... #
##..###..PPPP.PP..#
#..... #
#...##..PPP>.P..#
##....
##..#....PP.@P..# #....
# #......P.PPP.P##
##.... ##
#...###..P.....##
#..... .#####.###
##........## ####...#.
...##..#
#..#......###....###.
##...>##
##.#.............(.###
###...#
#..#.....##..##....# #
##..#
##.#.....####..#....###
###..# ###.<....###
#..#.....#


You could see an oklob sapling.

Vanquished Creatures
  Prince Ribbit (D:6)
  Sigmund (D:2)
  Menkaure (D:6)
  2 phantoms
  5 centaurs
  3 bullfrogs
  A scorpion (D:7)
  A jelly (D:7)
  2 crimson imps (D:6)
  2 orc priests
  A hound (D:5)
  Crazy Yiuf (D:6)
  Terence (D:3)
  Natasha (thrice) (D:2)
  4 worker ants
  Ijyb (D:3)
  2 orc wizards (D:4)
  A howler monkey zombie (D:7)
  4 gnolls (D:5)
  5 adders
  An adder skeleton (D:4)
  2 worms
  2 dart slugs (D:1)
  6 leopard geckos
  13 orcs
  3 bats
  4 giant cockroaches
  6 goblins
  6 hobgoblins
  4 jackals (D:5)
  6 kobolds
  5 frilled lizards
  3 rats
  A plant (D:6)
104 creatures vanquished.

Vanquished Creatures (collateral kills)
  A worker ant (D:7)
1 creature vanquished.

Grand Total: 105 creatures vanquished

Notes
Turn   | Place    | Note
-------+----------+-------------------------------------------
     0 | D:1      | hyperracer the Deep Dwarf Fire Elementalist began the quest for the Orb.
     0 | D:1      | Reached XP level 1. HP: 15/15 MP: 3/3
   125 | D:1      | Reached skill level 1 in Fighting
   796 | D:1      | Reached XP level 2. HP: 25/25 MP: 0/4
   963 | D:2      | Noticed Natasha
  1078 | D:2      | Noticed a crimson imp
  1080 | D:2      | HP: 10/25 [Natasha (6)]
  1081 | D:2      | HP: 4/25 [goblin/vampiric dagger (3)]
  1085 | D:2      | Killed Natasha
  1085 | D:2      | Reached skill level 2 in Fighting
  1085 | D:2      | Reached skill level 1 in Shields
  1085 | D:2      | Reached skill level 1 in Conjurations
  1085 | D:2      | Reached XP level 3. HP: 20/32 MP: 0/5
  1345 | D:2      | Noticed Sigmund
  1351 | D:2      | HP: 14/32 [hobgoblin/club (4)]
  1437 | D:2      | HP: 6/33 [Sigmund/puff of flame (9)]
  1447 | D:2      | Killed Sigmund
  1447 | D:2      | Reached skill level 3 in Fighting
  1447 | D:2      | Reached XP level 4. HP: 37/44 MP: 0/6
  1447 | D:2      | Reached XP level 5. HP: 42/50 MP: 0/7
  1540 | D:2      | Reached skill level 4 in Fighting
  1686 | D:2      | Noticed Natasha
  2024 | D:2      | Noticed a phantom
  2055 | D:2      | HP: 25/50 [phantom (2)]
  2068 | D:2      | HP: 24/50 [phantom (1)]
  2132 | D:2      | HP: 13/50 [phantom (8)]
  2136 | D:2      | Killed a phantom
  2136 | D:2      | Reached skill level 1 in Short Blades
  2136 | D:2      | Reached XP level 6. HP: 15/57 MP: 0/8
  2224 | D:2      | Learned a level 1 spell: Apportation
  2259 | D:2      | Killed Natasha
  2366 | D:2      | Noticed Natasha
  2371 | D:2      | HP: 23/57 [Natasha (7)]
  2373 | D:2      | Killed Natasha
  2554 | D:3      | HP: 22/57 [leopard gecko (2)]
  2586 | D:3      | HP: 28/57 [orc (2)]
  2982 | D:3      | Noticed Terence
  3000 | D:3      | Killed Terence
  3064 | D:3      | Noticed Ijyb
  3074 | D:3      | Killed Ijyb
  3271 | D:3      | Reached XP level 7. HP: 64/66 MP: 6/9
  3894 | D:4      | Noticed Rekenzichi's ghost (amateur GrFi)
  3963 | D:5      | Entered Level 5 of the Dungeon
  3995 | D:5      | Found an iron altar of Okawaru.
  4022 | D:5      | Found a burning altar of Makhleb.
  4096 | D:6      | Noticed Prince Ribbit
  4111 | D:6      | HP: 32/66 [Prince Ribbit (6)]
  4239 | D:5      | Became a worshipper of Makhleb the Destroyer
  4509 | D:5      | Reached skill level 1 in Axes
  4509 | D:5      | Reached skill level 1 in Evocations
  4519 | D:5      | Reached skill level 1 in Invocations
  4758 | D:5      | Reached skill level 1 in Armour
  4791 | D:5      | Reached XP level 8. HP: 54/73 MP: 10/10
  4879 | D:5      | Reached skill level 5 in Fighting
  5163 | D:6      | Found a staircase to the Ecumenical Temple.
  5330 | D:6      | HP: 33/74 [centaur (5)]
  5340 | D:6      | HP: 20/74 [centaur (2)]
  5345 | D:6      | HP: 35/74 [centaur (4)]
  5493 | D:6      | Found a hide-covered altar of Uskayaw.
  5494 | D:6      | Found an opulent altar of Gozag.
  5495 | D:6      | Found a hazy altar of Hepliaklqana.
  5497 | D:6      | Found a radiant altar of Vehumet.
  5498 | D:6      | Found an ornate altar of the Wu Jian Council.
  5506 | D:6      | HP: 32/74 [Prince Ribbit (4)]
  5512 | D:6      | Reached * piety under Makhleb
  5513 | D:6      | Killed Prince Ribbit
  5545 | D:6      | HP: 31/74 [crimson imp (1)]
  5574 | D:6      | HP: 31/74 [centaur (6)]
  5583 | D:6      | Found a sparkling altar of Nemelex Xobeh.
  5834 | D:6      | HP: 36/74 [electric eel/bolt of electricity (11)]
  6054 | D:6      | Noticed Menkaure
  6062 | D:6      | Killed Menkaure
  6135 | D:6      | Found a runed door.
  6215 | D:6      | Noticed Crazy Yiuf
  6227 | D:6      | Killed Crazy Yiuf
  6366 | D:7      | Gained mutation: You passively map the area around you. [Deep Dwarf growth]
  6366 | D:7      | Reached XP level 9. HP: 59/81 MP: 9/11
  6475 | D:7      | Noticed empire's ghost (novice MiFi)
  6665 | D:6      | HP: 32/81 [acid (13)]
  6672 | D:6      | HP: 20/81 [acid (12)]
  6673 | D:6      | Splashed by an oklob sapling's acid

Skill      XL: |  1  2  3  4  5  6  7  8 |
---------------+-------------------------+-----
Fighting       | 1 2 3 4 5 |  5.5
Shields        | 1 2 3 4 |  4.0
Conjurations   | 1 |  1.2
Fire Magic     | 3 |  3.0
Short Blades   | 1 2 3 |  3.0
Dodging        | 3 4 |  4.7
Axes           | 2 4 |  4.7
Evocations     | 2 4 |  4.0
Invocations    | 1 4 |  4.0
Armour         | 1 3 |  3.1
Stealth        | |  2.4
Spellcasting   | |  1.7

Action                   |  1- 3 |  4- 6 |  7- 9 || total
-------------------------+-------+-------+-------++-------
Melee: Mace              |     7 |       |       ||     7
       Dagger            |     8 |   118 |   351 ||   477
 Cast: Flame Tongue      |    34 |    74 |    21 ||   129
 Abil: Heal Wounds       |     2 |     2 |     3 ||     7
Evoke: Wand              |       |       |     9 ||     9
  Use: Scroll            |       |     4 |    13 ||    17
       Potion            |       |       |     1 ||     1
 Stab: Sleeping          |       |     1 |       ||     1
  Eat: Ration            |     2 |       |       ||     2
       Chunk             |     1 |     7 |    11 ||    19
Armor: Robe              |     4 |    20 |     6 ||    30
       Ring mail         |       |       |    45 ||    45
       Chain mail        |       |       |    16 ||    16
       Skin              |       |       |     3 ||     3
Dodge: Dodged            |    30 |    82 |   130 ||   242
Block: Buckler           |       |    10 |    50 ||    60

Vault maps used:
D:1:      erik_arrival_blinker_ship, grunt_decor_fettered, minmay_tetromino_l2
D:2:      minmay_liquid_box, uniq_sigmund, uniq_natasha
D:3:      uniq_terence, uniq_ijyb
D:4:      minmay_diamond_boxcup, serial_shops, nicolae_shop_overgrown_old_shop,
          shop, first_ration, uniq_robin
D:5:      okawaru_gym_becter, nicolae_overflow_hidden_temple
D:6:      cheibrodos_two_vegetables, grunt_temple_overflow_open,
          nemelex_xobeh_ov_fountains_minmay, minmay_temple_entry_oklob,
          uniq_menkaure, uniq_prince_ribbit1, uniq_crazy_yiuf_cottage
